 Dungeon Crawl Stone Soup version 0.22-a0-284-g99d1f74 (webtiles) character file.

64 4thArraOfDagon the Slasher (level 4, -10/33 HPs)
             Began as a Formicid Warper on Mar 21, 2018.
             Killed from afar by a steam dragon (18 damage)
             ... with a ball of steam
             ... on level 6 of the Dungeon.
             The game lasted 00:02:10 (381 turns).

4thArraOfDagon the Slasher (Formicid Warper)         Turns: 381, Time: 00:02:10

Health: -10/33     AC:  3    Str: 16    XL:     4   Next: 32%
Magic:  7/7        EV: 11    Int: 13    God:
Gold:   81         SH:  0    Dex: 10    Spells: 7/7 levels left

rFire    . . .     SeeInvis +   a - +0 falchion
rCold    . . .     Gourm    .   (no shield)
rNeg     . . .     Faith    .   b - +0 leather armour
rPois    .         Spirit   .   (helmet unavailable)
rElec    .         Reflect  .   (no cloak)
rCorr    .         Harm     .   (no gloves)
MR       .....                  (no boots)
Stlth    +.........             (no amulet)
HPRegen  0.11/turn              (no ring)
MPRegen  0.10/turn              (no ring)

@: lethally poisoned (-10 -> -13)
A: permanent stasis, dig shafts and tunnels, four strong arms, antennae 3
a: Dig, Shaft Self


You were on level 6 of the Dungeon.
You were not hungry.

You visited 1 branch of the dungeon, and saw 5 of its levels.

You collected 81 gold pieces.

Inventory:

Hand Weapons
 a - a +0 falchion (weapon)
Missiles
 e - 4 tomahawks of dispersal (quivered)
Armour
 b - a +0 leather armour (worn)
Wands
 c - a wand of flame (10)
Scrolls
 d - 2 scrolls of blinking
Comestibles
 f - 3 rations


   Skills:
 - Level 2.1 Fighting
 * Level 4.3 Long Blades
 - Level 1.0 Throwing
 - Level 1.1 Armour
 - Level 1.7 Dodging
 - Level 2.1 Spellcasting
   Level 2.6 Translocations


You had 7 spell levels left.
You didn't know any spells.

Dungeon Overview and Level Annotations

Branches:
Dungeon (6/15)
 Temple: D:4-7

Altars:

Shops:
D:4 %


Innate Abilities, Weirdness & Mutations

You cannot be hasted, slowed, berserked, paralysed or teleported.
You can dig through walls and to a lower floor.
Your four strong arms can wield two-handed weapons with a shield.
You have a pair of large antennae on your head. (SInv)


Message History

You feel sick.
You see here an adder corpse.
You feel sick.
You feel sick.
A worker ant comes into view.
The worker ant twitches its antennae in your direction.
Are you sure you want to shaft yourself?
You feel quite a bit more hungry.
You feel sick.
You begin to dig a shaft.
You continue digging a shaft.
The worker ant bites you. x2
* * * LOW HITPOINT WARNING * * *
A shaft appears beneath you!
You fall through a shaft for 2 floors!
The shaft crumbles and collapses.
A steam dragon comes into view.
The steam dragon hisses angrily.
The steam dragon breathes steam at you. The ball of steam hits you!
Ouch! That really hurt!
You die...

#####
#§≈≈≈####
...≈≈≈##
#..D≈≈#
#...§≈#
#...@.#
##...##
##.## ..
##.## #..<
##.#
######.##
#..[....##
#######


You could see a steam dragon.

Vanquished Creatures
  A centaur zombie (D:6)
  A hound zombie (D:6)
  An adder (D:4)
  2 dart slugs (D:2)
  A leopard gecko (D:5)
  A giant cockroach (D:2)
  A quokka (D:5)
  A bat (D:1)
  A rat (D:2)
10 creatures vanquished.

Notes
Turn   | Place    | Note
-------+----------+-------------------------------------------
     0 | D:1      | 4thArraOfDagon the Formicid Warper began the quest for the Orb.
     0 | D:1      | Reached XP level 1. HP: 16/16 MP: 3/3
   183 | D:2      | Reached XP level 2. HP: 12/22 MP: 5/5
   190 | D:2      | You fall through a shaft for 2 floors!
   191 | D:4      | Noticed a bullfrog
   197 | D:4      | You fall through a shaft!
   197 | D:5      | Entered Level 5 of the Dungeon
   197 | D:5      | Noticed a crimson imp
   282 | D:6      | Reached skill level 3 in Long Blades
   282 | D:6      | Reached XP level 3. HP: 3/27 MP: 6/6
   289 | D:6      | Reached skill level 4 in Long Blades
   289 | D:6      | Reached XP level 4. HP: 4/33 MP: 7/7
   312 | D:5      | Noticed a sky beast
   348 | D:4      | Found Umoff's Food Shop.
   381 | D:4      | You fall through a shaft for 2 floors!
   381 | D:6      | Noticed a steam dragon
   381 | D:6      | Killed from afar by a steam dragon

Vault maps used:
D:1:      minmay_arrival_wavy_path
D:2:      minmay_hexomino_c4
D:4:      first_ration, serial_shops, shop, lemuel_old_faithful
D:5:      serial_shops, nicolae_shop_trees, corexii_corridor_pit,
          nicolae_ru_the_path_less_chosen, uniq_sigmund
D:6:      cheibrodos_steamvent, temple_pool_b, uniq_eustachio

Skill      XL: |  1  2  3 |
---------------+----------+-----
Long Blades    | 3 4 |  4.3
Fighting       | |  2.1
Throwing       | |  1.0
Armour         | |  1.1
Dodging        | |  1.7
Spellcasting   | |  2.1
Translocations | |  2.6

Action                   |  1- 3 |  4- 6 || total
-------------------------+-------+-------++-------
Melee: Falchion          |    23 |       ||    23
Throw: Tomahawk          |       |     1 ||     1
 Abil: Dig               |     1 |       ||     1
       Shaft Self        |     1 |     1 ||     2
Evoke: Wand              |    12 |     9 ||    21
  Use: Potion            |     1 |     2 ||     3
Armor: Leather armour    |    14 |     3 ||    17
Dodge: Dodged            |    24 |     3 ||    27
       Rpst.: Falchion   |     8 |     2 ||    10

Table legend:
 A = Spawn XP
 B = Non-spawn XP
 C = Spawn XP percentage of total XP
 D = Spawn monster count
 E = Non-spawn monster count
 F = Spawn count percentage of total count
 G = Total turns spent on level
                    A         B        C        D         E        F      G
               +---------+---------+-------+---------+---------+-------+---------
         Total |       0 |      92 |   0.0 |       0 |      10 |   0.0 |   381
               +---------+---------+-------+---------+---------+-------+---------
           D:1 |       0 |       1 |   0.0 |       0 |       1 |   0.0 |    91
           D:2 |       0 |      11 |   0.0 |       0 |       4 |   0.0 |    99
           D:4 |       0 |      14 |   0.0 |       0 |       1 |   0.0 |    67
           D:5 |       0 |       5 |   0.0 |       0 |       2 |   0.0 |    73
           D:6 |       0 |      61 |   0.0 |       0 |       2 |   0.0 |    51
               +---------+---------+-------+---------+---------+-------+---------
